 Dungeon Crawl Stone Soup version 0.32-a0-42-ga30500b4d3 (webtiles) character file.

Game seed: 15383890694943650028

61 KKCryptic the Caller (level 4, -3/24 HPs)
             Began as a Tengu Summoner on Jan 28, 2024.
             Killed from afar by an orc wizard (10 damage)
             ... with a magic dart
             ... on level 2 of the Dungeon.
             The game lasted 00:11:53 (1060 turns).

KKCryptic the Caller (Tengu Summoner)               Turns: 1060, Time: 00:11:55

Health: -3/24      AC:  5    Str:  9    XL:     4   Next: 7%
Magic:  3/8        EV: 10    Int: 17    God:
Gold:   120        SH:  0    Dex: 14    Spells: 6/7 levels left

rFire   . .          .
                       - Unarmed
rCold   . . .        (no shield)
rNeg    . . .        i - +0 ring mail
rPois   .            (helmet currently unavailable)
rElec   .            (cloak currently unavailable)
rCorr   .            (gloves currently unavailable)
SInv    .            (boots unavailable)
Will    .....        (no amulet) Stlth
                     (no ring)
HPRegen 0.24/turn    (no ring)
MPRegen 0.11/turn

%: acrobat
@: confused, beast-form
A: beast (slay +0), beak, talons 3, acrobatic
a: Begin Untransformation


You were on level 2 of the Dungeon.
You were a hulking beast.
You visited 1 branch of the dungeon, and saw 2 of its levels.

You collected 120 gold pieces.

Inventory:

Missiles
 j - 3 boomerangs (quivered)
Armour
 a - a +0 robe
 i - a +0 ring mail (worn)
Talismans
 c - a beast talisman (active)
Scrolls
 d - a scroll of enchant weapon {unknown}
 g - a scroll of brand weapon {unknown}
Potions
 b - a potion of magic
 e - a potion of brilliance {unknown}
 f - a potion of ambrosia {unknown}
 h - a potion of haste {unknown}


   Skills:
 - Level 2.1 Dodging
 - Level 2.0 Stealth
 - Level 1.4 Unarmed Combat
 - Level 2.0 Spellcasting
 + Level 6.0 Summonings
 + Level 1.1 Shapeshifting


You had 6 spell levels left.
You knew the following spells:

 Your Spells              Type           Power      Damage    Failure   Level
a - Summon Small Mammal   Summ           88%        N/A       4%          1

Your spell library contained the following spells:

 Spells                   Type           Power      Damage    Failure   Level
 Call Imp                 Summ           44%        N/A       7%          2
 Call Canine Familiar     Summ           22%        N/A       14%         3
 Summon Blazeheart Golem  Fire/Summ      11%        N/A       83%         4
 Summon Lightning Spire   Summ/Air       11%        N/A       83%         4


Dungeon Overview and Level Annotations

Branches:
Dungeon (2/15)

Altars:


Innate Abilities, Weirdness & Mutations

You are a hulking beast.
Your limbs bulge with bestial killing power. (Slay +0)
You have a beak for a mouth.
You have claws for feet.
You can magically evade attacks while moving or waiting.


Message History

Your quokka dies!
Your quokka's corpse disappears in a puff of smoke!
Something hits you but does no damage.
Non-targeted confused throw: 3 boomerangs
Press: ? - help, Q - select action, (/) - cycle Dir - look around, f - activate
Okay, then.
Non-targeted confused throw: 3 boomerangs
Press: ? - help, Q - select action, (/) - cycle Dir - look around, f - activate
Okay, then.
You're too confused to cast spells.
The orc hits you with a +0 dagger. Something misses you. The orc misses you.
Something hits you. The orc barely misses you.
You hear some strange, mumbled words.
You are more confused.
An orc wizard appears from thin air!
Reactivating autopickup.
The orc misses you. The orc wizard misses you.
You closely miss the orc wizard. You claw the orc wizard.
The orc wizard is moderately wounded.
The orc hits you but does no damage. The orc wizard closely misses you.
You hit the orc wizard.
The orc wizard is heavily wounded.
The orc hits you with a +0 dagger.
* * * LOW HITPOINT WARNING * * *
The orc wizard barely misses you. The orc wizard closely misses you.
Things that are here:
a +0 hand axe of freezing; a +0 leather armour
There are monsters nearby!
There are monsters nearby!
You miss the orc wizard.
The orc wizard is moderately wounded.
The orc hits you but does no damage. The orc wizard misses you.
The orc attacks as it pursues you! The orc completely misses you.
You closely miss the orc wizard.
The orc wizard is moderately wounded.
The orc wizard casts a spell at you. The magic dart hits you!
You die...

....# ######### ....#
##########.).....# ....#
#..........#####.# ....#
#..........# #.# #
....###..........# #.# ..#
......#..........#####.#....#
.##.............).............
.#..#†#........oo#####......##
.#..#.#.......[.h.......#.###
....#.#################.#.#
....#.# .# . .#..#.# .# .
.#..#.# .. .. ##..#.# .
##..#.# ....#.# ###.#.#


You could see an orc wizard and an orc.

Vanquished Creatures
  An adder (D:2)
  A ribbon worm (D:2)
  An orc (D:2)
  5 endoplasms
  2 giant cockroaches (D:1)
  A hobgoblin (D:2)
  A quokka (D:1)
  2 ball pythons (D:1)
  A frilled lizard (D:1)
  3 rats
18 creatures vanquished.

Vanquished Creatures (collateral kills)
  An adder (D:2)
  A dart slug (D:1)
  2 orcs (D:2)
  A ball python (D:1)
  2 bats (D:1)
  4 endoplasms
  A giant cockroach (D:2)
  A goblin (D:2)
  A hobgoblin (D:1)
  A frilled lizard (D:1)
  A rat (D:1)
16 creatures vanquished.

Grand Total: 34 creatures vanquished

Notes
Turn   | Place    | Note
-------+----------+-------------------------------------------
     0 | D:1      | KKCryptic the Tengu Summoner began the quest for the Orb.
     0 | D:1      | Reached XP level 1. HP: 10/10 MP: 4/4
    71 | D:1      | Reached skill level 5 in Summonings
    85 | D:1      | Reached XP level 2. HP: 15/15 MP: 0/6
   177 | D:1      | Reached skill level 1 in Unarmed Combat
   390 | D:1      | Reached XP level 3. HP: 9/19 MP: 4/7
   864 | D:2      | Reached skill level 1 in Shapeshifting
  1021 | D:2      | Reached XP level 4. HP: 24/24 MP: 4/8
  1032 | D:2      | Reached skill level 6 in Summonings
  1060 | D:2      | Killed from afar by an orc wizard

Illustrated notes

Levels and vault maps discovered:
D:1:      wheals_arrival_shading, layout_basic
D:2:      layout_basic, st_stairs_14

Skill      XL: |  1  2  3  4 |
---------------+-------------+-----
Summonings     | 5 6 |  6.0
Unarmed Combat | 1 |  1.4
Shapeshifting  | 1 |  1.1
Dodging        | |  2.1
Stealth        | |  2.0
Spellcasting   | |  2.0

Action                     |  1- 3 |  4- 6 || total
---------------------------+-------+-------++-------
  Melee: Unarmed           |    64 |    18 ||    82
         Kick              |    19 |     2 ||    21
         Peck              |     8 |     4 ||    12
  Throw: Boomerang         |       |     2 ||     2
   Cast: Summon Small Mamm |    31 |     6 ||    37
    Use: Potion            |     2 |       ||     2
   Stab: Sleeping          |     3 |       ||     3
 Armour: Robe              |    33 |       ||    33
         Ring mail         |     1 |    25 ||    26
  Dodge: Dodged            |    68 |    18 ||    86
   Form: Beast             |     1 |       ||     1

Table legend: (Time is in decaauts)
 A = Elapsed time spent in this place.
 B = Non-inter-level travel time spent in this place.
 C = Inter-level travel time spent in this place.
 D = Time resting spent in this place.
 E = Time spent auto-exploring this place.
 F = Levels seen in this place.
 G = Mean time per level.
                   A        B        C        D        E       F      G
               +--------+--------+--------+--------+--------+-----+--------+
         Total |   1058 |   1037 |     21 |     17 |    545 |   2 |  529.0 |
       Dungeon |   1058 |   1037 |     21 |     17 |    545 |   2 |  529.0 |
               +--------+--------+--------+--------+--------+-----+--------+

Top non-repeatable levels by time:
     D:1: 626 daAuts
     D:2: 432 daAuts
